 Dungeon Crawl Stone Soup version 0.29.1-1-gd02db6906a (webtiles) character file.

Game seed: 18160466399405434854

285 DaijouVU the Chopper (level 6, -4/53 HPs)
             Began as a Minotaur Berserker on Oct 13, 2022.
             Was a Believer of Trog.
             Killed by divine providence
             ... invoked by an orc priest
              (15 damage)
             ... on level 4 of the Dungeon.
             The game lasted 00:15:58 (3155 turns).

DaijouVU the Chopper (Minotaur Berserker)           Turns: 3155, Time: 00:15:59

Health: -4/53      AC: 11    Str: 23    XL:     6   Next: 7%
Magic:  5/5        EV:  7    Int:  4    God:    Trog [**....]
Gold:   218        SH:  0    Dex: 10    Spells: 5/5 levels left

rFire   . . .      SeeInvis +   p - +1 hand axe (vamp)
rCold   . . .      Faith    .   (no shield)
rNeg    . . .      Spirit   .   g - +0 plate armour
rPois   .          Reflect  .   (helmet restricted)
rElec   .          Harm     .   (no cloak)
rCorr   .          Rampage  .   (no gloves)
Will    +....                   (no boots)
Stlth   ..........              (no amulet)
HPRegen 0.17/turn               m - ring of see invisible
MPRegen 0.09/turn               D - ring of willpower

@: no status effects
A: horns 2, retaliatory headbutt
a: Renounce Religion, Berserk, Trog's Hand


You were on level 4 of the Dungeon.
You worshipped Trog.
Trog was pleased with you.
You visited 1 branch of the dungeon, and saw 4 of its levels.

You collected 218 gold pieces.

Inventory:

Hand Weapons
 a - a +0 hand axe
 p - a +1 vampiric hand axe (weapon)
Missiles
 h - 25 stones (quivered)
 r - 6 javelins
 s - 5 poisoned darts
Armour
 b - a +0 animal skin
 g - a +0 plate armour (worn)
 w - the +5 ring mail of Analysis {rF++}
   (You found it on level 3 of the Dungeon)

   rF:        It greatly protects you from fire.
Jewellery
 m - a ring of see invisible (left hand)
 D - a ring of willpower (right hand)
Wands
 C - a wand of polymorph (5)
Scrolls
 c - a scroll of fear
 f - a scroll of brand weapon {unknown}
 i - a scroll of poison
 j - 2 scrolls of immolation
 o - a scroll of butterflies {unknown}
 t - a scroll of enchant armour {unknown}
 u - a scroll of teleportation {unknown}
 v - a scroll of magic mapping {unknown}
 x - a scroll of silence {unknown}
 y - a scroll of identify {unknown}
 B - a scroll of amnesia {unknown}
Potions
 d - 2 potions of heal wounds {unknown}
 e - 3 potions of curing {unknown}
 k - 2 potions of cancellation {unknown}
 l - 2 potions of lignification {unknown}
 n - a potion of degeneration {unknown}
 q - a potion of resistance {unknown}
 z - a potion of mutation {unknown}
 A - 2 potions of ambrosia {unknown}


   Skills:
 - Level 4.3 Fighting
 + Level 0.2 Short Blades
 + Level 0.1(0.2) Long Blades
 - Level 5.8 Axes
 + Level 0.2 Staves
 + Level 0.1 Ranged Weapons
 - Level 1.0 Throwing
 - Level 4.0 Armour
 - Level 2.6 Dodging
 - Level 0.1 Stealth
 + Level 0.1 Shields
 + Level 0.1 Invocations
 * Level 2.0 Evocations


You had 5 spell levels left.
You didn't know any spells.
Your spell library contained the following spells:

 Spells                   Type           Power      Damage    Failure   Level
 Summon Guardian Golem    Hex/Summ       0%         N/A       100%        3
 Orb of Destruction       Conj           0%         9d5       100%        7
 Spellforged Servitor     Conj/Summ      0%         N/A       100%        7


Dungeon Overview and Level Annotations

Branches:
Dungeon (4/15)
 Temple: D:4-7

Altars:
Elyvilon
Nemelex Xobeh


Innate Abilities, Weirdness & Mutations

You have a pair of horns on your head.
You reflexively headbutt those who attack you in melee.


Message History

The orc attacks as you move away! The orc hits you with a +0 club.
The hound bites you. The hound bites you but does no damage.
The orc barely misses you.
A quokka comes into view.
The hound barely misses you. You furiously retaliate!
You headbutt the hound, but do no damage.
The hound attacks as you move away! The hound bites you but does no damage.
The hound barely misses you. The hound bites you.
You miss the hound.
The hound is heavily wounded.
You barely miss the orc. The hound bites you but does no damage.
The orc hits you but does no damage.
You hit the ball python.
You kill the ball python!
Trog accepts your kill.
You slash the orc!
You feel better.
You hit the hound. The hound bites you but does no damage.
The orc hits you with a +0 club. The hound barely misses you.
The hound attacks as you move away! The hound barely misses you.
The orc priest miscasts a cantrip.
The orc priest looks braver for a moment.
The orc attacks as you move away! The orc closely misses you.
The hound attacks as you move away! The hound closely misses you.
You furiously retaliate!
You headbutt the hound, but do no damage.
The orc priest calls down the wrath of Beogh upon you.
Beogh smites you! The hound bites you but does no damage.
The hound completely misses you.
The hound pauses to sniff the ground.
The hound bites you but does no damage. The hound attacks as you move away!
The hound bites you but does no damage.
The orc priest calls down the wrath of Beogh upon you.
Beogh smites you!
* * * LOW HITPOINT WARNING * * *
The hound bites you but does no damage. The hound attacks as you move away!
The hound bites you but does no damage.
The hound stops to sniff the ground.
The orc priest calls down the wrath of Beogh upon you.
Beogh smites you!
You die...

### ......+ +.. #......# ###
#......# # #......# ###
######......########.. #.#
#..................### ..##.#.
#..................# #
.<.....#####....@.............# #
#.............oh..............# #
#.............................###
..............................'..
#........†.or##########.......###
#........o...# #.......#..
#............# #.......#.#
####'##.###### ##......÷.#
#.......# #.##.#####


You could see a hound, 2 orc priests, an orc and a quokka.

Vanquished Creatures
  A scorpion (D:4)
  A howler monkey (D:3)
  2 hounds (D:4)
  7 adders
  6 ball pythons
  5 endoplasms
  3 giant cockroaches
  4 goblins
  9 hobgoblins
  4 jackals (D:1)
  5 kobolds
  5 quokkas
  5 bats
  3 frilled lizards
  5 rats (D:2)
65 creatures vanquished.

Notes
Turn   | Place    | Note
-------+----------+-------------------------------------------
     0 | D:1      | DaijouVU the Minotaur Berserker began the quest for the
                  | Orb.
     0 | D:1      | Reached XP level 1. HP: 19/19 MP: 0/0
    59 | D:1      | Found a faded altar of an unknown god.
   271 | D:1      | Reached XP level 2. HP: 27/27 MP: 1/1
   272 | D:1      | Reached skill level 4 in Axes
   937 | D:1      | Reached XP level 3. HP: 26/33 MP: 2/2
  1590 | D:2      | Reached XP level 4. HP: 40/40 MP: 3/3
  1637 | D:2      | Reached ** piety under Trog
  1733 | D:2      | Reached skill level 5 in Axes
  2099 | D:3      | You fall into a shaft and drop 1 floor!
  2194 | D:3      | Identified the +5 ring mail of Analysis {rF++}
  2199 | D:3      | Reached XP level 5. HP: 43/46 MP: 4/4
  2373 | D:3      | Found a large runed translucent door.
  2374 | D:3      | Found a large runed translucent door.
  2591 | D:3      | Found a white marble altar of Elyvilon.
  2606 | D:3      | Found a sparkling altar of Nemelex Xobeh.
  2732 | D:4      | Reached skill level 1 in Throwing
  2871 | D:4      | Reached skill level 1 in Evocations
  2959 | D:4      | Reached XP level 6. HP: 32/53 MP: 5/5
  3155 | D:4      | Killed from afar by an orc priest

Illustrated notes

Levels and vault maps discovered:
D:1:      wheals_arrival_shading, layout_basic, shapermc_ecumenical_altar_gd
D:2:      layout_loops_ring
D:3:      layout_rooms, jmf_multi_god_temple2
D:4:      layout_basic, kennysheep_mini, tgw_sif

Skill      XL: |  1  2  3  4  5 |
---------------+----------------+-----
Axes           | 4 5 |  5.8
Fighting       | 4 |  4.3
Armour         | 3 4 |  4.0
Throwing       | 1 |  1.0
Evocations     | 2 |  2.0
Short Blades   | |  0.2
Long Blades    | |  0.1
Staves         | |  0.2
Ranged Weapons | |  0.1
Dodging        | |  2.6
Stealth        | |  0.1
Shields        | |  0.1
Invocations    | |  0.1

Action                   |  1- 3 |  4- 6 || total
-------------------------+-------+-------++-------
Melee: Hand axe          |    65 |   109 ||   174
       Headbutt          |     5 |    10 ||    15
  Use: Scroll            |     3 |       ||     3
Armor: Animal skin       |     2 |       ||     2
       Plate armour      |    35 |   105 ||   140
Dodge: Dodged            |    38 |    55 ||    93
